 Dungeon Crawl Stone Soup version 0.27.0-1-g7a089689b8 (webtiles) character file.

Game seed: 835917554083886077

160 Spaninq the Slasher (level 5, -7/41 HPs)
             Began as a Human Warper on Aug 9, 2021.
             Was a Follower of Zin.
             Mangled by a sickly merfolk siren (11 damage)
             ... in a sewer.
             The game lasted 00:09:28 (3572 turns).

Spaninq the Slasher (Human Warper)                  Turns: 3572, Time: 00:09:28

Health: -7/41      AC:  6    Str: 13    XL:     5   Next: 69%
Magic:  8/8        EV: 11    Int: 13    God:    Zin [*.....]
Gold:   79         SH:  0    Dex: 12    Spells: 6/8 levels left

rFire    . . .     SeeInvis .   a - +0 falchion
rCold    . . .     Faith    .   (no shield)
rNeg     . . .     Spirit   .   f - +0 ring mail
rPois    .         Reflect  .   g - +0 helmet
rElec    .         Harm     .   (no cloak)
rCorr    .         Rampage  .   (no gloves)
Will     .....                  (no boots)
Stlth    +.........             (no amulet)
HPRegen  0.13/turn              (no ring)
MPRegen  0.11/turn              (no ring)

@: mighty, mesmerised
A: no striking features
a: Renounce Religion, Recite, Donate Gold


You were in a sewer.
You worshipped Zin.
Zin was aware of your devotion.
You visited 1 branch of the dungeon, and saw 3 of its levels.
You also visited: Sewer.

You collected 87 gold pieces.
You donated 8 gold pieces to Zin.

Inventory:

Hand Weapons
 a - a +0 falchion (weapon)
Missiles
 d - 5 boomerangs of dispersal (quivered)
Armour
 f - a +0 ring mail (worn)
 g - a +0 helmet (worn)
Jewellery
 h - a ring of flight
Wands
 m - a wand of iceblast (9)
Scrolls
 c - 3 scrolls of blinking
 k - a scroll of identify


   Skills:
 + Level 3.0 Fighting
 * Level 3.8 Long Blades
 - Level 1.0 Throwing
 + Level 2.2 Armour
 + Level 2.9 Dodging
 - Level 2.0 Spellcasting
 - Level 3.0 Translocations


You had 6 spell levels left.
You knew the following spells:

 Your Spells              Type           Power      Damage    Failure   Level
a - Blink                 Tloc           N/A        N/A       24%         2

Your spell library contained the following spells:

 Spells                   Type           Power      Damage    Failure   Level
 Gell's Gravitas          Tloc           4%         N/A       43%         3
 Lesser Beckoning         Tloc           4%         N/A       43%         3
 Teleport Other           Tloc           9%         N/A       43%         3
 Manifold Assault         Tloc           9%         N/A       99%         5


Dungeon Overview and Level Annotations

Branches:
Dungeon (3/15)              Sewer (1/1)

Altars:
Fedhas
Zin

Shops:
D:2 =


Message History

You closely miss the rat. The rat completely misses you.
The sickly merfolk siren chants its luring song.
The rat bites you but does no damage.
You hit the rat.
The rat is severely wounded.
The sickly merfolk siren chants its luring song.
The rat barely misses you.
You slash the rat!
You kill the rat!
The sickly merfolk siren chants its luring song.
You closely miss the frilled lizard. The frilled lizard barely misses you.
You riposte.
You hit the frilled lizard.
You kill the frilled lizard!
The sickly merfolk siren chants its luring song.
The sickly merfolk siren chants its luring song.
Things that are here:
a frilled lizard corpse; a frilled lizard corpse; a rat corpse You closely miss the sickly merfolk siren.
The sickly merfolk siren chants its luring song.
You hit the sickly merfolk siren but do no damage.
The sickly merfolk siren chants its luring song.
You closely miss the sickly merfolk siren.
The sickly merfolk siren chants its luring song.
You barely miss the sickly merfolk siren.
The sickly merfolk siren chants its luring song. x2
You barely miss the sickly merfolk siren.
The sickly merfolk siren hits you with a +0 trident.
* * * LOW HITPOINT WARNING * * *
You feel very mighty all of a sudden.
The sickly merfolk siren chants its luring song.
You closely miss the sickly merfolk siren.
You are ready to recite again.
The sickly merfolk siren barely misses you.
You hit the sickly merfolk siren.
The sickly merfolk siren is moderately wounded.
The sickly merfolk siren chants its luring song.
You hit the sickly merfolk siren.
The sickly merfolk siren is heavily wounded.
The sickly merfolk siren hits you with a +0 trident!
You die...

####.≈≈≈###
.†..≈≈≈≈∩∩#
###########
≈≈≈≈≈≈≈≈##########
≈..†≈≈≈≈≈≈≈≈≈≈≈≈≈#
.#############≈≈≈###
## #.#≈≈≈###≈##
#÷##m≈≈≈≈≈≈≈
#..@....≈≈≈≈
#######...≈≈ ...≈ .


You could see a sickly merfolk siren (mesmerising).

Vanquished Creatures
  An orc wizard (D:3)
  3 gnolls (D:2)
  2 adders
  A river rat (Sewer)
  A worm (D:2)
  4 dart slugs
  3 orcs (D:3)
  7 ball pythons
  5 bats
  3 endoplasms (D:1)
  A giant cockroach (Sewer)
  2 goblins (D:1)
  A hobgoblin (D:1)
  9 jackals
  2 quokkas
  5 frilled lizards
  3 kobolds
  17 rats
70 creatures vanquished.

Notes
Turn   | Place    | Note
-------+----------+-------------------------------------------
     0 | D:1      | Spaninq the Human Warper began the quest for the Orb.
     0 | D:1      | Reached XP level 1. HP: 16/16 MP: 3/3
   172 | D:1      | Reached XP level 2. HP: 20/22 MP: 5/5
   178 | D:1      | Learned a level 2 spell: Blink
   493 | D:1      | Found a faded altar of an unknown god.
   517 | D:1      | Became a worshipper of Zin the Law-Giver
   517 | D:1      | Reached * piety under Zin
   700 | D:1      | Reached XP level 3. HP: 27/27 MP: 6/6
  1433 | D:2      | Reached XP level 4. HP: 23/34 MP: 7/7
  2310 | D:2      | Found a blossoming altar of Fedhas.
  2348 | D:2      | Found Equlenem's Jewellery Shop.
  2843 | D:3      | Reached XP level 5. HP: 13/40 MP: 8/8
  2850 | D:3      | Reached ** piety under Zin
  3138 | D:3      | Found a glowing drain.
  3150 | Sewer    | Entered a sewer
  3572 | Sewer    | Mangled by a sickly merfolk siren

Illustrated notes

Levels and vault maps discovered:
D:1:      lightli_arrival_isolated_outpost, layout_loops_ring,
          ebering_ecumenical_altar_mist, hangedman_decor_lopped, minmay_tripent
D:2:      layout_loops_corners, basic_altar, serial_shops, nicolae_shop_crystal
D:3:      kennysheep_goblin_castle, layout_basic, portal_sewer_entry_a
Sewer:    sewer_sea

Skill      XL: |  1  2  3  4  5 |
---------------+----------------+-----
Long Blades    | 3 |  3.8
Armour         | 2 |  2.2
Fighting       | 3 |  3.0
Throwing       | |  1.0
Dodging        | |  2.9
Spellcasting   | |  2.0
Translocations | |  3.0

Action                   |  1- 3 |  4- 6 || total
-------------------------+-------+-------++-------
Melee: Falchion          |   129 |   178 ||   307
Invok: Recite            |     1 |    13 ||    14
       Vitalisation      |       |     1 ||     1
  Use: Scroll            |       |     6 ||     6
       Potion            |       |     3 ||     3
 Stab: Confused          |       |     1 ||     1
Armor: Ring mail         |    60 |    54 ||   114
Dodge: Dodged            |    77 |   140 ||   217
       Rpst.: Falchion   |    23 |    32 ||    55
